 Dungeon Crawl Stone Soup version 0.30-a0-996-ga6910c8ee8 (webtiles) character file.

Game seed: 11212034522980888713

11241 Arcadio the Nimble (level 12, -3/92 HPs)
             Began as a Djinni Ice Elementalist on Apr 3, 2023.
             Was an Elder of Makhleb.
             Slain by a wolf simulacrum (6 damage)
             ... in an ice cave on Apr 4, 2023.
             The game lasted 01:13:58 (11239 turns).

Arcadio the Nimble (Djinni Ice Elementalist)       Turns: 11239, Time: 01:13:58

Health: -3/92      AC:  6    Str: 10    XL:     12   Next: 5%
Gold:   493        EV: 17    Int: 22    God:    Makhleb [****..] SH:  5 Dex: 14

rFire   + + +      SeeInvis .    b - +4 sling
rCold   . . .      Faith    .    (no shield)
rNeg    . . .      Spirit   .    P - +2 robe {rC+}
rPois   ∞          Reflect  +    o - +0 helmet
rElec   .          Rampage  .    (no cloak)
rCorr   .                        n - +0 pair of gloves of the Skies Above {Drain rF++ Str+3}
Will    ++...                    (boots unavailable)
Stlth   ++                       A - amulet of reflection
HPRegen 0.35/turn                h - ring of wizardry
MPRegen 0.00/turn                p - ring of willpower

@: about to teleport, flying
A: sickness immunity, fire resistance 2, cold vulnerability 1, float, innate
caster, HP casting, extra vitality 1
a: Renounce Religion, Minor Destruction, Lesser Servant of Makhleb, Major
Destruction


You were in an ice cave.
You worshipped Makhleb.
Makhleb was greatly pleased with you.
You visited 3 branches of the dungeon, and saw 11 of its levels.
You also visited: Ice Cave.

You collected 619 gold pieces.
You spent 126 gold pieces at shops.

Inventory:

Hand Weapons
 b - a +4 sling (weapon)
 N - a +2 war axe of freezing
Armour
 n - the +0 pair of gloves of the Skies Above (worn) {Drain rF++ Str+3}
   (You found it on level 1 of the Lair of Beasts)

   Str:       It affects your strength (+3).
   rF:        It greatly protects you from fire.
   Drain:     It drains your maximum health when unequipped.
 o - a +0 helmet (worn)
 P - a +2 robe of cold resistance (worn)
 W - a +3 leather armour
Jewellery
 g - a ring of positive energy
 h - a ring of wizardry (left hand)
 p - a ring of willpower (right hand)
 r - a ring of protection from cold
 u - a +6 ring of strength
 x - an amulet of the acrobat
 A - an amulet of reflection (around neck)
 J - a ring of willpower
Wands
 a - a wand of paralysis (6)
 G - a wand of digging (7)
 H - a wand of flame (16)
 L - a wand of mindburst (4)
 U - a wand of acid (4)
Scrolls
 c - 4 scrolls of teleportation
 f - a scroll of torment
 l - 2 scrolls of silence
 q - 2 scrolls of fog
 s - 3 scrolls of immolation {unknown}
 v - a scroll of acquirement {unknown}
 y - 2 scrolls of vulnerability {unknown}
 D - 2 scrolls of enchant weapon
 I - a scroll of brand weapon {unknown}
 V - 2 scrolls of magic mapping {unknown}
 X - a scroll of fear {unknown}
Potions
 d - 4 potions of curing
 i - a potion of resistance
 j - 2 potions of flight
 k - 3 potions of lignification
 m - 4 potions of mutation
 t - 3 potions of might
 w - a potion of invisibility {unknown}
 B - 2 potions of brilliance
 E - 2 potions of attraction
 M - a potion of degeneration {unknown}
 T - 2 potions of haste
Miscellaneous
 R - a phantom mirror


   Skills:
 + Level 10.3 Fighting
 + Level 11.8 Dodging
 - Level 2.6 Stealth
 + Level 8.9 Spellcasting


You knew the following spells:

 Your Spells              Type           Power      Damage    Failure   Level
a - Magic Dart            Conj           100%       1d8       1%          1
b - Frozen Ramparts       Ice            98%        1d15      1%          3
c - Ozocubu's Armour      Ice            49%        N/A       1%          3
d - Summon Ice Beast      Ice/Summ       49%        N/A       1%          4
e - Vampiric Draining     Necr           49%        2d9       1%          3
f - Static Discharge      Conj/Air       98%        2-7/arc   1%          2
g - Dazzling Flash        Conj/Hex       98%        N/A       1%          3
h - Freeze                Ice            100%       1d10      1%          1
i - Dispel Undead         Necr           49%        3d18      1%          4
Your spell library was empty.

Dungeon Overview and Level Annotations

Branches:
Dungeon (9/15) Zot: 24809  Temple (1/1) D:6 Zot: 5996    Lair (1/5) D:9 Zot: 5439
  IceCv (1/1) Zot: 5976
    Orc: D:9-12

Altars:
Ashenzari
Cheibriados
Dithmenos
Elyvilon
Hepliaklqana
Makhleb
Qazlal
Trog
Wu Jian
Zin
The Shining One

Shops:
D:6 *


Innate Abilities, Weirdness & Mutations

You are immune to sickness and miasma.
You are immune to poison.
Your flesh is very heat resistant. (rF++)
You are vulnerable to cold. (rC-)
You float through the air rather than walking.
You learn spells naturally, not from books.
Your magical power is your life essence.
You have superior vitality. (+4 MHP)


Message History

* * * LOW HITPOINT WARNING * * *
Your ice beast hits the wolf simulacrum.
Your ice beast freezes the wolf simulacrum.
The wolf simulacrum completely resists.
You feel better. You block the wolf simulacrum's attack.
The wolf simulacrum completely misses you.
The cane toad simulacrum hits your ice beast.
The cane toad simulacrum freezes your ice beast.
Your ice beast completely resists.
Your ice beast hits the wolf simulacrum but does no damage.
As you read the scroll of teleportation, it crumbles to dust.
You feel strangely unstable. The wolf simulacrum bites you!
* * * LOW HITPOINT WARNING * * *
The wolf simulacrum freezes you.
* * * LOW HITPOINT WARNING * * *
The wolf simulacrum bites your ice beast.
The wolf simulacrum freezes your ice beast.
Your ice beast completely resists.
Your ice beast hits the wolf simulacrum.
Your ice beast freezes the wolf simulacrum.
The wolf simulacrum completely resists.
The cane toad simulacrum hits your ice beast but does no damage.
The wolf simulacrum misses you.
Your ice beast hits the wolf simulacrum.
Your ice beast freezes the wolf simulacrum.
The wolf simulacrum completely resists.
The wolf simulacrum attacks as you move away!
The wolf simulacrum bites you.
* * * LOW HITPOINT WARNING * * *
The wolf simulacrum freezes you!
* * * LOW HITPOINT WARNING * * *
A white ugly thing comes into view.
The cane toad simulacrum hits your ice beast.
The cane toad simulacrum freezes your ice beast.
Your ice beast completely resists.
The wolf simulacrum attacks as you move away!
The wolf simulacrum bites you.
* * * LOW HITPOINT WARNING * * *
The wolf simulacrum freezes you.
You die...

####### #######
#[?(..## ##.....# .
#!.....###......#
....#.......#.......#
u......@ZYZZ...∩..∩.#
....#...Z.Z.#.......#
. #[.....###......#
#??)..## ##.....#
####### #######


You could see a white ugly thing (asleep), 2 wolf simulacra, an elephant
simulacrum, 2 cane toad simulacra and a friendly ice beast (summoned).

Vanquished Creatures
  A two-headed ogre (D:9)
  Maurice (D:8)
  A centaur zombie (D:8)
  Psyche (D:8)
  A cane toad (Lair:1)
  4 centaur skeletons (D:8)
  A komodo dragon (Lair:1)
  2 trolls
  2 hellwings (D:8)
  A hornet (D:9)
  A wraith (D:8)
  10 yaks
  A basilisk (Lair:1)
  2 wyverns
  An acid dragon (D:6)
  3 water moccasins (D:7)
  2 orc warriors (D:7)
  3 sky beasts
  A black bear (D:7)
  A centaur (D:8)
  2 wolves (D:9)
  3 phantoms
  4 kobold brigands
  7 bullfrogs
  2 scorpions
  5 wights (D:8)
  8 killer bees
  3 electric eels (D:9)
  6 howler monkeys (D:7)
  12 hounds
  2 orc priests
  2 jellies
  A sleepcap (D:6)
  Terence (D:2)
  4 iguanas
  10 orc wizards
  Robin (D:2)
  11 adders
  3 gnolls (D:4)
  3 shadow imps
  A white imp (D:5)
  An ufetubus (D:7)
  3 worms
  3 dart slugs
  25 orcs
  6 bats
  8 endoplasms
  4 giant cockroaches
  15 goblins
  8 hobgoblins
  6 jackals (D:1)
  22 kobolds
  3 quokkas
  A ball python (D:1)
  3 frilled lizards
  8 rats
247 creatures vanquished.

Vanquished Creatures (collateral kills)
  Maggie (D:8)
  A wraith (D:6)
  A black bear (D:5)
  A howler monkey (D:6)
  An orc priest (D:4)
  A shadow imp (D:8)
  3 white imps
  An orc (D:8)
10 creatures vanquished.

Vanquished Creatures (others)
  A fungus (Lair:1)
  11 plants
  9 withered plants (D:8)
21 creatures vanquished.

Grand Total: 278 creatures vanquished

Notes
Turn   | Place    | Note
-------+----------+-------------------------------------------
     0 | D:1      | Arcadio the Djinni Ice Elementalist began the quest for the
                  | Orb.
     0 | D:1      | Arcadio set off with the following spells memorised:
                  | Freeze, Frozen Ramparts, Ozocubu's Armour, Summon Ice
                  | Beast.
     0 | D:1      | Reached XP level 1. HP: 15/15 MP: 0/0
    94 | D:1      | Reached XP level 2. HP: 10/21 MP: 0/0
   421 | D:1      | Reached XP level 3. HP: 22/25 MP: 0/0
   421 | D:1      | Learned a level 1 spell: Magic Dart
   904 | D:2      | Noticed Terence
   910 | D:2      | Killed Terence
   911 | D:2      | Reached skill level 3 in Dodging
   911 | D:2      | Reached XP level 4. HP: 2/31 MP: 0/0
  1127 | D:2      | Reached XP level 5. HP: 32/36 MP: 0/0
  1127 | D:2      | Learned a level 2 spell: Static Discharge
  1142 | D:2      | Found a faded altar of an unknown god.
  1246 | D:2      | Reached skill level 1 in Fighting
  1323 | D:2      | Noticed Robin
  1333 | D:2      | Killed Robin
  1647 | D:3      | Reached skill level 4 in Dodging
  1739 | D:3      | Reached XP level 6. HP: 34/42 MP: 0/0
  2051 | D:4      | Found a broken altar of Ashenzari.
  2849 | D:4      | Reached XP level 7. HP: 19/49 MP: 0/0
  2849 | D:4      | Learned a level 3 spell: Dazzling Flash
  3130 | D:4      | Found a burning altar of Makhleb.
  3139 | D:4      | Became a worshipper of Makhleb the Destroyer
  3277 | D:5      | Entered Level 5 of the Dungeon
  3281 | D:5      | Reached skill level 5 in Dodging
  3872 | D:5      | Reached XP level 8. HP: 18/58 MP: 0/0
  3895 | D:5      | Reached skill level 5 in Spellcasting
  4053 | D:5      | Reached skill level 6 in Dodging
  4064 | D:5      | Reached * piety under Makhleb
  4213 | D:5      | Found a glowing silver altar of Zin.
  4213 | D:5      | Noticed an angel
  4337 | D:6      | Found a staircase to the Ecumenical Temple.
  4349 | Temple   | Entered the Ecumenical Temple
  4535 | D:6      | Reached skill level 5 in Fighting
  4584 | D:6      | Reached XP level 9. HP: 29/65 MP: 0/0
  4584 | D:6      | Learned a level 3 spell: Vampiric Draining
  4672 | D:6      | Reached skill level 7 in Dodging
  4915 | D:6      | Noticed a cyclops
  4943 | D:6      | Found a white marble altar of Elyvilon.
  5269 | D:6      | Found Hiptoucu's General Store.
  5272 | D:6      | Bought a scroll of enchant weapon for 90 gold pieces
  5272 | D:6      | Bought a scroll of teleportation for 36 gold pieces
  5592 | D:7      | Reached skill level 8 in Dodging
  5661 | D:7      | Reached ** piety under Makhleb
  5837 | D:8      | Noticed Maggie
  6257 | D:7      | Reached XP level 10. HP: 70/75 MP: 0/0
  6888 | D:8      | Killed Maggie
  6889 | D:8      | Reached skill level 9 in Dodging
  7236 | D:8      | Upgraded the game from 0.30-a0-989-g0d87f670db to
                  | 0.30-a0-996-ga6910c8ee8
  7681 | D:8      | Reached *** piety under Makhleb
  7682 | D:8      | Reached skill level 10 in Dodging
  7683 | D:8      | Noticed Psyche
  7937 | D:8      | Reached XP level 11. HP: 82/82 MP: 0/0
  7937 | D:8      | Learned a level 4 spell: Dispel Undead
  8189 | D:8      | Killed Psyche
  8276 | D:8      | Noticed Maurice
  8299 | D:8      | Killed Maurice
  8731 | D:9      | Noticed a two-headed ogre
  9229 | D:9      | Reached skill level 11 in Dodging
  9573 | D:9      | Found a hazy altar of Hepliaklqana.
  9578 | D:9      | Found a snail-covered altar of Cheibriados.
  9580 | D:9      | Found a stormy altar of Qazlal.
 10140 | D:9      | Found a staircase to the Lair.
 10548 | D:9      | Killed a two-headed ogre
 10655 | Lair:1   | Entered Level 1 of the Lair of Beasts
 10674 | Lair:1   | Reached skill level 10 in Fighting
 10860 | Lair:1   | Reached **** piety under Makhleb
 10979 | Lair:1   | Identified the +0 pair of gloves of the Skies Above {Drain
                  | rF++ Str+3}
 11037 | Lair:1   | Reached XP level 12. HP: 79/91 MP: 0/0
 11208 | Lair:1   | Found a frozen archway.
 11215 | IceCv    | Entered an ice cave
 11238 | IceCv    | HP: 4/92 [wolf simulacrum (11)]
 11239 | IceCv    | Slain by a wolf simulacrum

Illustrated notes

Levels and vault maps discovered:
D:1:      nicolae_arrival_washed_ashore, layout_rooms
D:2:      layout_basic, hellmonk_ecumenical_altar_leap_of_faith, uniq_terence,
          uniq_robin
D:3:      layout_basic, minmay_distorted
D:4:      layout_loops_cross, mainiacjoe_overflow_small_starburst,
          lightli_temple_of_fire
D:5:      layout_loops_ring, zin_angel, kennysheep_crisscross
D:6:      hangedman_cross_stitches, layout_rooms, mainiacjoe_overflow_paths,
          vehumet_altar_wand_db, minmay_temple_entry_gardened_gates,
          serial_shops, nicolae_shop_behind_doors, chequers_big_river, hex_tiny
D:7:      minmay_skewed_foursquare, layout_basic
D:8:      cheibrodos_grave_circle, layout_cave_pods, uniq_psyche, uniq_maggie,
          uniq_maurice
D:9:      layout_grid_maze, grunt_temple_overflow_open, erik_lair_island
Temple:   zaba_magenta_temple
Lair:1:   layout_gridlike, portal_ice_cave_entry_pillars_2, lemuel_fruit_tree,
          infiniplex_staircase_pool_2, uniq_erica
IceCv:    ice_cave_statue_garden_chambered

Skill      XL: |  1  2  3  4  5  6  7  8  9 10 11 |
---------------+----------------------------------+-----
Stealth        | 2 |  2.6
Dodging        | 3 4 5 6 8 10 11 | 11.8
Fighting       | 1 2 3 5 7 8 10 | 10.3
Spellcasting   | 4 5 6 7 8 |  8.9

Action                     |  1- 3 |  4- 6 |  7- 9 | 10-12 || total
---------------------------+-------+-------+-------+-------++-------
   Fire: Sling             |    55 |    72 |   123 |   112 ||   362
   Cast: Freeze            |    19 |    43 |    78 |    21 ||   161
         Frozen Ramparts   |     1 |     9 |    21 |    25 ||    56
         Ozocubu's Armour  |       |     2 |     5 |    10 ||    17
         Static Discharge  |       |     3 |     8 |    25 ||    36
         Summon Ice Beast  |       |     3 |    12 |    10 ||    25
         Magic Dart        |       |     2 |     2 |    34 ||    38
         Dazzling Flash    |       |       |     1 |     1 ||     2
         Vampiric Draining |       |       |       |    76 ||    76
         Dispel Undead     |       |       |       |     3 ||     3
    Use: Scroll            |     1 |     8 |       |     7 ||    16
         Potion            |       |       |       |     7 ||     7
 Armour: Robe              |     5 |    13 |    22 |     4 ||    44
         Steam dragon scal |       |       |       |    56 ||    56
         Leather armour    |       |       |       |    12 ||    12
         Skin              |       |       |       |     2 ||     2
  Dodge: Dodged            |    22 |    27 |    89 |   187 ||   325
  Block: Other             |       |       |       |    10 ||    10

Table legend: (Time is in decaauts)
 A = Elapsed time spent in this place.
 B = Non-inter-level travel time spent in this place.
 C = Inter-level travel time spent in this place.
 D = Time resting spent in this place.
 E = Time spent auto-exploring this place.
 F = Levels seen in this place.
 G = Mean time per level.
                   A        B        C        D        E       F      G
               +--------+--------+--------+--------+--------+-----+--------+
         Total |  11397 |  11121 |    276 |   1503 |   6879 |  12 |  949.8 |
       Dungeon |  10810 |  10534 |    276 |   1378 |   6569 |   9 | 1201.1 |
        Temple |      3 |      3 |      0 |      0 |      0 |   1 |    3.0 |
          Lair |    560 |    560 |      0 |    125 |    310 |   1 |  560.0 |
      Ice Cave |     23 |     23 |      0 |      0 |      0 |   1 |   23.0 |
               +--------+--------+--------+--------+--------+-----+--------+

Top non-repeatable levels by time:
     D:9: 1881 daAuts
     D:7: 1825 daAuts
     D:8: 1596 daAuts
     D:4: 1250 daAuts
     D:6: 1126 daAuts
     D:5: 1051 daAuts
     D:2: 856 daAuts
     D:1: 716 daAuts
  Lair:1: 560 daAuts
     D:3: 505 daAuts
   IceCv: 23 daAuts
  Temple: 3 daAuts
